AoeStats
← 文風

Fortress

509479791Analyzed
2v2 RM · 5d ago on Sep 26, 2026· 45m 50s· 4 players
Game mode
Random Map
Map size
Normal (6 player)
Population
200
Speed
Normal
Resources
Standard
Victory
Conquest
Starting age
Dark Age
Ending age
Imperial Age
RankedLock teamsTeams togetherTeam positionsShared explorationLock speedFull tech treeHidden civsTurbo modeCheats
Victory
Defeat
🇪🇸 Mongols · Spain
1394
+17
🇭🇰 Bohemians · Hong Kong SAR China
1390
+17
🇹🇷 Danes · Türkiye
1479
-20
🇹🇷 Varangians · Türkiye
1344
-14
文風
5:58 Feudal Age
6:24 Double-Bit Axe
6:21 Horse Collar
13:23 Castle Age
14:27 Bow Saw
14:20 Heavy Plow
15:44 Fervor
17:47 Wheelbarrow
28:53 Imperial Age
28:25 Ballistics
29:06 Chemistry
28:28 Ballistics
28:17 Siphons
30:01 Conscription
29:02 Elite Hussite Wagon
29:48 Hussite Reforms
29:52 Wagenburg Tactics
31:53 Hand Cart
31:51 Padded Archer Armor
31:52 Scale Mail Armor
32:02 Forging
31:43 Fletching
32:27 Siege Engineers
33:35 Masonry
34:25 Houfnice
43:15 Leather Archer Armor
42:56 Bodkin Arrow
43:26 Chain Mail Armor
43:46 Iron Casting
43:16 Scale Barding Armor
MaverickGG1403
8:23 Feudal Age
12:01 Castle Age
9:57 Double-Bit Axe
9:53 Horse Collar
11:27 Gold Mining
13:30 Bow Saw
16:24 Wheelbarrow
16:19 Fletching
17:08 Loom
20:28 Gold Shaft Mining
21:31 Hand Cart
24:52 Imperial Age
23:01 Bodkin Arrow
24:28 Ballistics
24:17 Scale Barding Armor
24:13 Padded Archer Armor
24:14 Husbandry
25:55 Conscription
26:37 Chemistry
25:50 Bracer
27:22 Chain Barding Armor
26:47 Capped Ram
30:35 Drill
30:42 Siege Ram
32:22 Parthian Tactics
33:13 Stone Mining
34:39 Elite Mangudai
35:55 Bloodlines
35:05 Light Cavalry
35:57 Forging
36:54 Hussar
43:51 Iron Casting
JoyStick
7:04 Feudal Age
9:05 Double-Bit Axe
11:21 Castle Age
9:21 Horse Collar
9:52 Gold Mining
10:16 Arson
12:31 Bow Saw
13:31 Loom
15:55 Squires
17:35 Scale Mail Armor
18:25 Fletching
19:29 Elite Skirmisher
20:06 Bodkin Arrow
20:12 Padded Archer Armor
21:52 Ballistics
22:00 Forging
22:56 Chain Mail Armor
23:51 Heavy Plow
25:23 Hamask
26:54 Iron Casting
27:12 Leather Archer Armor
29:36 Masonry
29:31 Stone Mining
30:44 Wheelbarrow
29:54 Town Watch
30:03 Town Watch
35:19 Imperial Age
33:20 Hand Cart
33:32 Murder Holes
35:52 Thumb Ring
37:00 Chemistry
36:31 Ring Archer Armor
36:03 Bracer
36:33 Ring Archer Armor
36:29 Conscription
36:15 Elite Jomsviking
37:41 Plate Mail Armor
38:43 Blast Furnace
37:33 Gambesons
38:38 Northmen's Fury
Furian
7:59 Feudal Age
12:37 Castle Age
10:54 Double-Bit Axe
12:16 Horse Collar
13:28 Forging
14:57 Bow Saw
14:51 Heavy Plow
17:53 Loom
20:46 Wheelbarrow
20:38 Squires
20:51 Scale Barding Armor
22:03 Fortified Wall
21:41 Arson
26:27 Imperial Age
28:15 Conscription
29:13 Hand Cart
29:31 Crop Rotation
30:04 Two-Man Saw
29:28 Chain Barding Armor
29:47 Scale Mail Armor
30:24 Iron Casting
30:03 Gold Mining
30:48 Elite Jarl
31:47 Gothikon
33:08 Plate Barding Armor
33:34 Blast Furnace
34:14 Onager
37:28 Cavalier
37:43 Light Cavalry
38:48 Light Cavalry
Connection lost

Rejoining the realm…

Still unreachable

The connection could not be restored.

Session expired

The server has moved on; the page needs a fresh start.